 Dungeon Crawl Stone Soup version 0.28-a0-406-g4bac719ec2 (webtiles) character file.

Game seed: 18367311432829594057

16217 Jawa73 the Cleaver (level 12, 0/96 HPs)
             Began as a Gnoll Wanderer on Sept 5, 2021.
             Was a Believer of Vehumet.
             Slain by a wyvern (9 damage)
             ... on level 9 of the Dungeon.
             The game lasted 01:02:21 (14627 turns).

Jawa73 the Cleaver (Gnoll Wanderer)                Turns: 14627, Time: 01:02:22

Health: 0/96       AC: 13    Str: 11    XL:     12   Next: 35%
Magic:  0/22       EV: 14    Int: 37    God:    Vehumet [**....]
Gold:   685        SH:  0    Dex: 12    Spells: 5/25 levels left

rFire   x . .      SeeInvis .   a - +6 broad axe of Kindness {vorpal, +Blink Int+2 Dex+2}
rCold   . . .      Faith    .   (no shield)
rNeg    . . .      Spirit   +   B - +1 leather armour "Kacec" {Rampage rPois rF- Int+10}
rPois   +          Reflect  .   k - +1 helmet
rElec   .          Harm     .   g - +1 cloak
rCorr   .          Rampage  +   r - +1 pair of gloves
Will    .....                   N - +0 pair of boots
Stlth   ++++......              D - amulet of guardian spirit
HPRegen 0.26/turn               s - +6 ring of intelligence
MPRegen 0.18/turn               i - +4 ring of slaying

@: studying Fighting
A: fangs 1, strong nose, distributed training
a: Renounce Religion, Evoke Blink


You were on level 9 of the Dungeon.
You worshipped Vehumet.
Vehumet was pleased with you.
You visited 3 branches of the dungeon, and saw 13 of its levels.

You collected 685 gold pieces.

Inventory:

Hand Weapons
 a - the +6 broad axe of Kindness (weapon) {vorpal, +Blink Int+2 Dex+2}
   (You acquired it on level 3 of the Dungeon)

   It inflicts extra damage upon your enemies.
   Int:       It affects your intelligence (+2).
   Dex:       It affects your dexterity (+2).
   +Blink:    It lets you blink.
 b - a +1 hunting sling of freezing
 e - a +4 great sword of freezing
 I - a +2 trident of pain
 K - a +6 mace of freezing
 M - the +7 dagger "Glorpo" {venom, rCorr Int+3}
   (You found it on level 10 of the Dungeon)

   It poisons the flesh of those it strikes.
   Int:       It affects your intelligence (+3).
   rCorr:     It protects you from acid and corrosion.
 U - a +3 scimitar of flaming
Missiles
 c - 49 poisoned darts
 m - 74 sling bullets
 O - 7 atropa-tipped darts
 P - a curare-tipped dart
Armour
 d - a +2 ring mail of poison resistance
 f - a +2 ring mail of positive energy
 g - a +1 cloak (worn)
 j - a +2 animal skin
 k - a +1 helmet (worn)
 o - a +2 ring mail of fire resistance
 r - a +1 pair of gloves (worn)
 B - the +1 leather armour "Kacec" (worn) {Rampage rPois rF- Int+10}
   (You found it on level 5 of the Dungeon)

   Int:       It affects your intelligence (+10).
   rF:        It makes you vulnerable to fire.
   rPois:     It protects you from poison.
   Rampage:   It bestows one free step when moving towards enemies.
 J - a +0 buckler
 N - a +0 pair of boots (worn)
 S - a +1 leather armour of fire resistance
Magical Staves
 v - a staff of fire
 F - a staff of conjuration
Jewellery
 i - a +4 ring of slaying (right hand)
 s - a +6 ring of intelligence (left hand)
 y - a ring of willpower
 D - an amulet of guardian spirit (around neck)
 Q - a ring of protection from cold
Wands
 q - a wand of iceblast (5)
 w - a wand of digging (3)
 E - a wand of flame (75)
 T - a wand of charming (11)
Scrolls
 x - a scroll of amnesia
 L - a scroll of noise
Potions
 h - 3 potions of curing
 l - a potion of haste
 n - a potion of brilliance
 p - a potion of flight
 t - a potion of might
 z - a potion of berserk rage
 C - a potion of degeneration
 G - a potion of invisibility {unknown}
 H - 2 potions of attraction {unknown}


   Skills:
 + Level 9.4 Fighting
 + Level 7.2 Short Blades
 + Level 7.2 Long Blades
 + Level 11.0 Axes
 + Level 7.2 Maces & Flails
 + Level 7.2 Polearms
 + Level 7.2 Staves
 + Level 7.2 Slings
 + Level 7.2 Bows
 + Level 7.2 Crossbows
 + Level 7.2 Throwing
 + Level 7.2 Armour
 + Level 7.2 Dodging
 + Level 8.4 Stealth
 + Level 7.2 Shields
 + Level 7.2 Unarmed Combat
 + Level 7.2 Spellcasting
 + Level 6.0 Conjurations
 + Level 6.0 Hexes
 + Level 6.0 Summonings
 + Level 6.0 Necromancy
 + Level 6.0 Translocations
 + Level 6.0 Transmutations
 + Level 6.0 Fire Magic
 + Level 7.2 Ice Magic
 + Level 6.0 Air Magic
 + Level 6.4 Earth Magic
 + Level 6.0 Poison Magic
 + Level 7.9 Invocations
 + Level 7.2 Evocations


You had 5 spell levels left.
You knew the following spells:

 Your Spells              Type           Power      Damage    Failure   Level
a - Freeze                Ice            100%       1d11      1%          1
b - Frozen Ramparts       Ice            100%       1d12      1%          3
c - Hailstorm             Conj/Ice       58%        3d13      2%          4
d - Ozocubu's Armour      Ice            61%        N/A       1%          3
e - Iskenderun's Mystic   Conj/Tloc      55%        2d12      3%          4
f - Yara's Violent Unrav  Hex/Tmut       27%        3d12      9%          5

Your spell library contained the following spells:

 Spells                   Type           Power      Damage    Failure   Level
 Static Discharge         Conj/Air       55%        N/A       1%          2
 Corpse Rot               Necr/Air       N/A        N/A       1%          2
 Poisonous Vapours        Pois/Air       100%       N/A       1%          2
 Slow                     Hex            55%        N/A       1%          2
 Confusing Touch          Hex            55%        N/A       1%          3
 Dazzling Flash           Conj/Hex       100%       N/A       1%          3
 Starburst                Conj/Fire      27%        6d9       43%         6


Dungeon Overview and Level Annotations

Branches:
Dungeon (10/15)            Temple (1/1) D:7            Lair (2/6) D:9
    Orc (0/2) D:10
  Swamp: Lair:2-4    Shoals: Lair:2-4     Snake: Lair:2-4    Spider: Lair:2-4

Altars:
Ashenzari
Cheibriados
Dithmenos
Elyvilon
Fedhas
Gozag
Hepliaklqana
Kikubaaqudgha
Makhleb
Nemelex Xobeh
Okawaru
Qazlal
Ru
Sif Muna
Trog
Uskayaw
Vehumet
Wu Jian
Xom
Yredelemnul
Zin
The Shining One

Shops:
D:7 *

Annotations:
Lair:2 Gastronok, Harold


Innate Abilities, Weirdness & Mutations

You have very sharp teeth.
Your uncanny sense of smell can sniff out nearby items.
Your experience applies equally to all skills.


Message History

Casting: Freeze (safe; 1% risk of failure)
Confirm with . or Enter, or press ? or * to list all spells.
Okay, then.
Your +3 scimitar of flaming stops flaming.
Your +1 hunting sling of freezing is covered in frost.
b - a +1 hunting sling of freezing (weapon)
Fire: 74 sling bullets
Press: ? - help, Q - select action, (/) - cycle Shift-Dir - straight line
Okay, then.
Casting: Freeze (safe; 1% risk of failure)
Confirm with . or Enter, or press ? or * to list all spells.
Okay, then.
Casting: Freeze (safe; 1% risk of failure)
Confirm with . or Enter, or press ? or * to list all spells.
You don't have enough magic to cast this spell.
Casting: Freeze (safe; 1% risk of failure)
Confirm with . or Enter, or press ? or * to list all spells.
Okay, then.
Your +1 hunting sling of freezing stops glowing.
You feel clever.
You feel agile.
a - the +6 broad axe of Kindness (weapon)
{vorpal, +Blink Int+2 Dex+2} The wyvern misses you.
You closely miss the wyvern. The wyvern closely misses you.
The wyvern bites you but does no damage.
The wyvern barely misses you.
The wyvern hisses menacingly.
The wyvern closely misses you.
The wyvern bites you but does no damage.
The wyvern closely misses you.
There is a staircase back to the Dungeon here.
The wyvern closely misses you. The wyvern bites you!
* * * LOW HITPOINT WARNING * * *
You climb upwards.
Welcome back to the Dungeon!
There is a staircase to the Lair here.
Okay, then.
You feel better. The wyvern barely misses you.
You slash the wyvern!
The wyvern is severely wounded.
The wyvern bites you!
You die...

#...# ########.###.#######
#.#.###.##...#..#.#.#....#
###....##.....#....##..#####
#####.##..)..#......## #.##
########.............#.###..#
#............#...#.#..###'.##
#..........####..###.#...###
....###.#.## #.l.######.#
#.####..##.# ##@## #....# ###
######### ### ###### #....#
#########....# ........#....#
#### .............#####..###
....................>.#
.............#..###.###
........####...## #.##


You could see a wyvern.

Vanquished Creatures
  A hydra (Lair:1)
  A death knight (D:10)
  2 two-headed ogres
  Erica (Lair:2)
  Urug (D:10)
  The ghost of flt the Zephyrmancer, a novice VSAE of Hepliaklqana (D:8)
  A wizard (D:9)
  A manticore (D:6)
  A cyclops (D:6)
  A cane toad (Lair:1)
  An unseen horror (D:10)
  2 komodo dragons
  A troll (D:5)
  5 blink frogs (Lair:1)
  A shadow (D:9)
  11 yaks
  4 wyverns (D:9)
  A basilisk (D:9)
  A steam dragon (D:9)
  Menkaure (D:7)
  4 water moccasins
  Duvessa (D:7)
  An acid dragon (D:9)
  2 ice beasts
  2 hornet zombies
  A black bear (D:5)
  7 orc warriors
  2 necrophages (D:4)
  2 sky beasts
  4 ogres
  4 centaurs
  2 phantoms (D:6)
  2 kobold brigands
  9 bullfrogs
  2 scorpions
  Dowan (D:7)
  A water moccasin zombie (D:6)
  A wyvern skeleton (D:6)
  6 killer bees (D:5)
  2 howler monkeys (D:7)
  2 vampire bats (D:10)
  14 wights
  3 bullfrog zombies
  A centaur zombie (D:5)
  5 hounds
  3 jellies
  A bullfrog skeleton (D:6)
  A gnoll shaman (D:6)
  6 orc priests
  2 centaur skeletons
  Ijyb (D:3)
  Terence (D:2)
  4 iguanas
  6 orc wizards
  Robin (D:3)
  3 gnolls (D:3)
  2 adders
  An ufetubus (D:6)
  An adder skeleton (D:4)
  A worm (D:2)
  2 dart slugs (D:1)
  30 orcs
  6 bat zombies (D:10)
  5 endoplasms
  2 giant cockroaches
  15 goblins
  10 hobgoblins
  9 jackals
  5 quokkas
  11 ball pythons
  5 bats
  6 frilled lizards
  20 kobolds
  4 rats
284 creatures vanquished.

Vanquished Creatures (others)
  A centaur zombie (D:8)
  An orc (D:8)
  2 fungi
  198 plants
202 creatures vanquished.

Grand Total: 486 creatures vanquished

Notes
Turn   | Place    | Note
-------+----------+-------------------------------------------
     0 | D:1      | Jawa73 the Gnoll Wanderer began the quest for the Orb.
     0 | D:1      | Jawa73 set off with the following items: a +0 hand axe, a
                  | +0 ring mail, a +0 dagger; and the following spell
                  | memorised: Freeze; and the following spells available to
                  | memorise: Frozen Ramparts, Ozocubu's Armour, Hailstorm
     0 | D:1      | Reached XP level 1. HP: 17/17 MP: 1/1
   409 | D:1      | Reached XP level 2. HP: 23/23 MP: 0/2
  1214 | D:1      | Reached XP level 3. HP: 28/28 MP: 3/3
  1289 | D:1      | Found a faded altar of an unknown god.
  1551 | D:2      | Reached skill level 1 in Invocations
  1906 | D:2      | Reached skill level 1 in Short Blades
  1906 | D:2      | Reached skill level 1 in Long Blades
  1906 | D:2      | Reached skill level 1 in Maces & Flails
  1906 | D:2      | Reached skill level 1 in Polearms
  1906 | D:2      | Reached skill level 1 in Staves
  1906 | D:2      | Reached skill level 1 in Slings
  1906 | D:2      | Reached skill level 1 in Bows
  1906 | D:2      | Reached skill level 1 in Crossbows
  1906 | D:2      | Reached skill level 1 in Throwing
  1906 | D:2      | Reached skill level 1 in Armour
  1906 | D:2      | Reached skill level 1 in Dodging
  1906 | D:2      | Reached skill level 1 in Shields
  1906 | D:2      | Reached skill level 1 in Unarmed Combat
  1906 | D:2      | Reached skill level 1 in Spellcasting
  1906 | D:2      | Reached skill level 1 in Evocations
  1921 | D:2      | Learned a level 3 spell: Frozen Ramparts
  2306 | D:2      | Noticed Terence
  2316 | D:2      | Killed Terence
  2317 | D:2      | Reached XP level 4. HP: 18/34 MP: 0/5
  2633 | D:3      | Noticed Robin
  2642 | D:3      | Reached skill level 1 in Conjurations
  2642 | D:3      | Reached skill level 1 in Hexes
  2642 | D:3      | Reached skill level 1 in Summonings
  2642 | D:3      | Reached skill level 1 in Necromancy
  2642 | D:3      | Reached skill level 1 in Translocations
  2642 | D:3      | Reached skill level 1 in Transmutations
  2642 | D:3      | Reached skill level 1 in Fire Magic
  2642 | D:3      | Reached skill level 1 in Air Magic
  2642 | D:3      | Reached skill level 1 in Poison Magic
  2645 | D:3      | Killed Robin
  2884 | D:3      | Identified a scroll of acquirement
  2884 | D:3      | Acquired the +6 broad axe of Kindness {vorpal, +Blink Int+2
                  | Dex+2}
  2912 | D:3      | Reached XP level 5. HP: 40/40 MP: 6/6
  3167 | D:3      | Noticed Ijyb
  3177 | D:3      | Killed Ijyb
  3718 | D:4      | Noticed a necrophage
  3730 | D:4      | Killed a necrophage
  3731 | D:4      | Reached XP level 6. HP: 45/47 MP: 8/8
  3952 | D:4      | Noticed a necrophage
  3970 | D:4      | Killed a necrophage
  3971 | D:4      | Reached XP level 7. HP: 52/52 MP: 10/10
  4885 | D:5      | Entered Level 5 of the Dungeon
  5089 | D:5      | Reached skill level 9 in Axes
  5089 | D:5      | Reached skill level 5 in Stealth
  5253 | D:5      | Reached XP level 8. HP: 51/60 MP: 9/12
  5567 | D:5      | Found a basalt altar of Yredelemnul.
  5570 | D:5      | Identified the +1 leather armour "Kacec" {Rampage rPois rF-
                  | Int+10}
  5846 | D:5      | Learned a level 4 spell: Hailstorm
  5850 | D:5      | Learned a level 3 spell: Ozocubu's Armour
  6074 | D:5      | Noticed a troll
  6082 | D:5      | Killed a troll
  6745 | D:6      | Reached skill level 5 in Ice Magic
  6745 | D:6      | Reached XP level 9. HP: 46/66 MP: 10/14
  7270 | D:6      | Reached skill level 5 in Fighting
  7307 | D:6      | Found an ornate altar of the Wu Jian Council.
  7585 | D:6      | Noticed a manticore
  7595 | D:6      | Noticed a cyclops
  7603 | D:6      | Killed a manticore
  7604 | D:6      | Reached skill level 5 in Invocations
  7604 | D:6      | Killed a cyclops
  7605 | D:6      | Reached XP level 10. HP: 36/74 MP: 3/17
  7901 | D:7      | Found a staircase to the Ecumenical Temple.
  7949 | Temple   | Entered the Ecumenical Temple
  8179 | D:7      | Noticed a two-headed ogre
  8204 | D:7      | Reached skill level 5 in Short Blades
  8204 | D:7      | Reached skill level 5 in Long Blades
  8204 | D:7      | Reached skill level 5 in Maces & Flails
  8204 | D:7      | Reached skill level 5 in Polearms
  8204 | D:7      | Reached skill level 5 in Staves
  8204 | D:7      | Reached skill level 5 in Slings
  8204 | D:7      | Reached skill level 5 in Bows
  8204 | D:7      | Reached skill level 5 in Crossbows
  8204 | D:7      | Reached skill level 5 in Throwing
  8204 | D:7      | Reached skill level 5 in Armour
  8204 | D:7      | Reached skill level 5 in Dodging
  8204 | D:7      | Reached skill level 5 in Shields
  8204 | D:7      | Reached skill level 5 in Unarmed Combat
  8204 | D:7      | Reached skill level 5 in Spellcasting
  8204 | D:7      | Reached skill level 5 in Evocations
  8248 | D:7      | Killed a two-headed ogre
  8249 | D:7      | Reached skill level 10 in Axes
  8293 | D:7      | Learned a level 4 spell: Iskenderun's Mystic Blast
  8358 | D:7      | Noticed Menkaure
  8364 | D:7      | Killed Menkaure
  8763 | D:7      | Noticed Duvessa
  8765 | D:7      | Noticed Dowan
  8772 | D:7      | Killed Duvessa
  8778 | D:7      | Killed Dowan
  8844 | D:7      | Found Xedd's General Store.
  9085 | D:8      | Found a runed translucent gate.
  9086 | D:8      | Found a runed translucent gate.
  9086 | D:8      | Found an opulent altar of Gozag.
  9088 | D:8      | Found a runed translucent gate.
  9090 | D:8      | Noticed flt's ghost (novice VSAE)
  9108 | D:8      | Reached skill level 5 in Earth Magic
  9111 | D:8      | Killed flt's ghost
  9343 | D:8      | Found a radiant altar of Vehumet.
  9383 | D:8      | Became a worshipper of Vehumet
 10427 | D:9      | Found a bloodstained altar of Trog.
 10430 | D:9      | Noticed a wizard
 10499 | D:9      | Reached XP level 11. HP: 54/81 MP: 9/19
 10530 | D:9      | Killed a wizard
 10932 | D:9      | Reached * piety under Vehumet
 10932 | D:9      | Offered knowledge of Magic Dart by Vehumet.
 10975 | D:9      | Reached skill level 5 in Conjurations
 10975 | D:9      | Reached skill level 5 in Hexes
 10975 | D:9      | Reached skill level 5 in Summonings
 10975 | D:9      | Reached skill level 5 in Necromancy
 10975 | D:9      | Reached skill level 5 in Translocations
 10975 | D:9      | Reached skill level 5 in Transmutations
 10975 | D:9      | Reached skill level 5 in Fire Magic
 10975 | D:9      | Reached skill level 5 in Air Magic
 10975 | D:9      | Reached skill level 5 in Poison Magic
 10989 | D:9      | Found a staircase to the Lair.
 11234 | D:9      | Noticed a two-headed ogre
 11247 | D:9      | Killed a two-headed ogre
 11572 | D:10     | Entered Level 10 of the Dungeon
 11783 | D:10     | Noticed Urug
 11807 | D:10     | Killed Urug
 11906 | D:10     | Found a staircase to the Orcish Mines.
 11911 | D:10     | Identified the +7 dagger "Glorpo" {venom, rCorr Int+3}
 11930 | D:10     | Noticed a death knight
 11970 | D:10     | Killed a death knight
 12543 | D:10     | Found an ancient bone altar of Kikubaaqudgha.
 12549 | D:10     | Reached ** piety under Vehumet
 12549 | D:10     | Offered knowledge of Static Discharge by Vehumet.
 12650 | D:10     | Found a snail-covered altar of Cheibriados.
 13010 | Lair:1   | Entered Level 1 of the Lair of Beasts
 13344 | Lair:1   | Reached XP level 12. HP: 72/94 MP: 13/22
 13747 | Lair:1   | Noticed a five-headed hydra
 13752 | Lair:1   | Killed a five-headed hydra
 14234 | Lair:2   | Noticed Erica
 14245 | Lair:2   | Killed Erica
 14246 | Lair:2   | Reached skill level 11 in Axes
 14270 | Lair:2   | Noticed Harold
 14280 | Lair:2   | Noticed a five-headed hydra
 14288 | Lair:2   | Noticed Gastronok
 14586 | Lair:1   | Learned a level 5 spell: Yara's Violent Unravelling
 14624 | Lair:1   | HP: 2/96 [wyvern (9)]
 14627 | D:9      | Slain by a wyvern

Illustrated notes

Levels and vault maps discovered:
D:1:      roderic_crop_circles_arrival_small, layout_loops_ring,
          basic_ecumenical_altar
D:2:      layout_loops_ring, uniq_terence
D:3:      layout_basic, uniq_ijyb, uniq_robin
D:4:      layout_layer_cave
D:5:      layout_layer_cave, nicolae_overflow_hidden_temple,
          corexii_corridor_pit
D:6:      minmay_skewed_foursquare, layout_cave_pools,
          overflow_temple_1_default, minmay_manual_mail
D:7:      layout_gridville, minmay_temple_entry_mini_moons, serial_shops,
          nicolae_shop_statue_plus, serial_park_tiny_2, grunt_decor_cap,
          uniq_menkaure, uniq_duvessa
D:8:      layout_cave_pods, general_overflow_altar, ebering_ghost_gozag
D:9:      layout_rooms, trog_wizard, erik_lair_dragon
D:10:     layout_loops_cross, kennysheep_vampire_church,
          mainiacjoe_overflow_surrounded_room, erik_orc_4, feat_on_display,
          uniq_urug
Temple:   nicolae_temple_elliptical
Lair:1:   layout_loops_ring
Lair:2:   layout_cave_pods, hangedman_lair_unloving_vines, grunt_megastairs_3,
          uniq_erica, uniq_gastronok, uniq_maggie, uniq_harold

Skill      XL: |  1  2  3  4  5  6  7  8  9 10 11 12 |
---------------+-------------------------------------+-----
Earth Magic    | 2 3 4 5 6 |  6.4
Invocations    | 1 2 3 4 5 6 7 |  7.9
Short Blades   | 1 2 3 4 5 6 7 |  7.2
Long Blades    | 1 2 3 4 5 6 7 |  7.2
Maces & Flails | 1 2 3 4 5 6 7 |  7.2
Polearms       | 1 2 3 4 5 6 7 |  7.2
Staves         | 1 2 3 4 5 6 7 |  7.2
Slings         | 1 2 3 4 5 6 7 |  7.2
Bows           | 1 2 3 4 5 6 7 |  7.2
Crossbows      | 1 2 3 4 5 6 7 |  7.2
Throwing       | 1 2 3 4 5 6 7 |  7.2
Armour         | 1 2 3 4 5 6 7 |  7.2
Dodging        | 1 2 3 4 5 6 7 |  7.2
Shields        | 1 2 3 4 5 6 7 |  7.2
Unarmed Combat | 1 2 3 4 5 6 7 |  7.2
Spellcasting   | 1 2 3 4 5 6 7 |  7.2
Evocations     | 1 2 3 4 5 6 7 |  7.2
Conjurations   | 1 2 3 4 5 6 |  6.0
Hexes          | 1 2 3 4 5 6 |  6.0
Summonings     | 1 2 3 4 5 6 |  6.0
Necromancy     | 1 2 3 4 5 6 |  6.0
Translocations | 1 2 3 4 5 6 |  6.0
Transmutations | 1 2 3 4 5 6 |  6.0
Fire Magic     | 1 2 3 4 5 6 |  6.0
Air Magic      | 1 2 3 4 5 6 |  6.0
Poison Magic   | 1 2 3 4 5 6 |  6.0
Fighting       | 3 4 5 7 8 9 |  9.4
Ice Magic      | 4 5 6 7 |  7.2
Axes           | 9 10 11 | 11.0
Stealth        | 5 6 7 8 |  8.4

Action                   |  1- 3 |  4- 6 |  7- 9 | 10-12 || total
-------------------------+-------+-------+-------+-------++-------
Melee: Hand axe          |   206 |    17 |       |       ||   223
       Bite              |    20 |     2 |    10 |    22 ||    54
       Punch             |     1 |       |       |     2 ||     3
       Broad axe         |       |    39 |    99 |   199 ||   337
       Trident           |       |       |       |    15 ||    15
 Fire: Hunting sling     |       |    27 |    22 |   139 ||   188
 Cast: Freeze            |    13 |     1 |     3 |     5 ||    22
       Frozen Ramparts   |     1 |     2 |     7 |    15 ||    25
       Hailstorm         |       |       |     3 |    16 ||    19
       Ozocubu's Armour  |       |       |     2 |    10 ||    12
       Iskenderun's Myst |       |       |       |     6 ||     6
Evoke: Wand              |       |       |     1 |     1 ||     2
  Use: Scroll            |     4 |     1 |     4 |    15 ||    24
       Potion            |       |       |     1 |     6 ||     7
 Stab: Sleeping          |     3 |     4 |     9 |     4 ||    20
Armor: Ring mail         |    45 |       |       |       ||    45
       Animal skin       |       |    16 |    17 |       ||    33
       Leather armour    |       |     2 |    35 |   134 ||   171
Dodge: Dodged            |    80 |    44 |    85 |   162 ||   371
Block: Buckler           |       |       |       |    28 ||    28

Table legend: (Time is in decaauts)
 A = Elapsed time spent in this place.
 B = Non-inter-level travel time spent in this place.
 C = Inter-level travel time spent in this place.
 D = Time resting spent in this place.
 E = Time spent auto-exploring this place.
 F = Levels seen in this place.
 G = Mean time per level.
                   A        B        C        D        E       F      G
               +--------+--------+--------+--------+--------+-----+--------+
         Total |  14597 |  13491 |   1106 |   2030 |   8066 |  13 | 1122.8 |
       Dungeon |  12778 |  11755 |   1023 |   1538 |   7137 |  10 | 1277.8 |
        Temple |    209 |    168 |     41 |      0 |    147 |   1 |  209.0 |
          Lair |   1609 |   1568 |     41 |    492 |    782 |   2 |  804.5 |
               +--------+--------+--------+--------+--------+-----+--------+

Top non-repeatable levels by time:
     D:5: 1718 daAuts
  Lair:1: 1541 daAuts
     D:1: 1537 daAuts
     D:9: 1450 daAuts
     D:6: 1319 daAuts
     D:8: 1267 daAuts
    D:10: 1201 daAuts
     D:4: 1195 daAuts
     D:2: 1143 daAuts
     D:3: 987 daAuts
     D:7: 957 daAuts
  Temple: 209 daAuts
  Lair:2: 67 daAuts
